 Dungeon Crawl Stone Soup version 0.29.1-2-gbd0b4ee654 (webtiles) character file.

Game seed: 16020847490899573224

515 qeuew the Sneak (level 7, -2/32 HPs)
             Began as a Spriggan Enchanter on Nov 11, 2022.
             Slain by an orc
             ... wielding a +0 hand axe
              (6 damage)
             ... on level 5 of the Dungeon.
             The game lasted 00:09:14 (4722 turns).

qeuew the Sneak (Spriggan Enchanter)                Turns: 4722, Time: 00:09:14

Health: -2/32      AC:  2    Str:  7    XL:     7   Next: 0%
Magic:  1/15       EV: 20    Int: 16    God:
Gold:   237        SH:  0    Dex: 21    Spells: 7/15 levels left

rFire   . . .      SeeInvis +   d - +11 rapier of the Land of Plenty {vorpal, rN+ Str+4}
rCold   . . .      Faith    .   (no shield)
rNeg    + . .      Spirit   .   b - +0 robe
rPois   .          Reflect  .   (helmet restricted)
rElec   .          Harm     .   (no cloak)
rCorr   .          Rampage  .   (gloves unavailable)
Will    ++...                   (boots unavailable)
Stlth   ++++......              (no amulet)
HPRegen 0.00/turn               (no ring)
MPRegen 0.14/turn               (no ring)

@: inhibited regen, invisible, very quick
A: very small, no large weapons, unfitting armour, see invisible, speed 3, claws
1, horns 1, agile 1, strong-willed 1, inhibited regeneration
a: no special abilities


You were on level 5 of the Dungeon.
You visited 1 branch of the dungeon, and saw 5 of its levels.

You collected 237 gold pieces.

Inventory:

Hand Weapons
 a - a +2 dagger
 d - the +11 rapier of the Land of Plenty (weapon) {vorpal, rN+ Str+4}
   (You acquired it on level 3 of the Dungeon)

   It inflicts extra damage upon your enemies.
   Str:       It affects your strength (+4).
   rN:        It protects you from negative energy.
 e - a +2 dagger of venom
Armour
 b - a +0 robe (worn)
Jewellery
 l - the amulet "Pyzorch" {Reflect rF+ Str+5 Dex+4 SH+5}
   (You took it off a kobold on level 4 of the Dungeon)

   [amulet of reflection]

   It reflects blocked missile attacks.
   Str:       It affects your strength (+5).
   Dex:       It affects your dexterity (+4).
   rF:        It protects you from fire.
   SH:        It affects your SH (+5).
Wands
 i - a wand of iceblast (14)
Scrolls
 g - a scroll of teleportation
 k - a scroll of fog
 n - a scroll of fear {unknown}
Potions
 c - 2 potions of invisibility
 f - a potion of heal wounds
 h - 2 potions of curing
 j - a potion of might
 m - a potion of magic


   Skills:
 + Level 3.6 Short Blades
 + Level 5.0 Dodging
 + Level 6.7 Stealth
 + Level 4.7 Spellcasting
 + Level 5.3 Hexes


You had 7 spell levels left.
You knew the following spells:

 Your Spells              Type           Power      Damage    Failure   Level
a - Ensorcelled Hibernat  Hex/Ice        24%        N/A       8%          2
b - Confusing Touch       Hex            20%        N/A       5%          3
c - Tukima's Dance        Hex            20%        N/A       5%          3

Your spell library contained the following spells:

 Spells                   Type           Power      Damage    Failure   Level
 Dazzling Flash           Conj/Hex       24%        N/A       16%         3
 Ignite Poison            Fire/Tmut/Pois 3%         N/A       43%         3
 Mephitic Cloud           Conj/Pois/Air  3%         N/A       43%         3
 Freezing Cloud           Conj/Ice/Air   1%         6-21      99%         5


Dungeon Overview and Level Annotations

Branches:
Dungeon (5/15)
 Temple: D:4-7

Altars:
Kikubaaqudgha
Nemelex Xobeh
Ru

Annotations:
D:3 2 transporters, qeuew's ghost, amateur MfGl


Innate Abilities, Weirdness & Mutations

You are very small and have problems with some larger weapons.
You are too small for most types of armour.
You have supernaturally acute eyesight. (SInv)
You cover ground extremely quickly. (Speed+++)
You have sharp fingernails.
You have a pair of small horns on your head.
You are agile. (Dex +4, Str/Int -1)
You are strong-willed. (Will+)
You do not regenerate when monsters are visible.


Message History

The orc wizard resists with some effort.
The orc closely misses you. The orc wizard misses you.
The orc wizard resists with some effort.
The orc wizard points at you and mumbles some strange words.
The puff of flame hits you. The orc closely misses you.
Your magical contamination has completely faded away.
You puncture the orc wizard!
You kill the orc wizard!
The orc hits you with a +0 hand axe.
An orc priest comes into view. It is wielding a +0 club.
Your Dodging skill increases to level 5!
Unknown command.
The orc priest resists with some effort.
The orc barely misses you. The orc priest hits you with a +0 mace.
You fade into invisibility!
The orc priest mumbles some strange prayers to Beogh against you.
Pain shoots through your body!
* * * LOW HITPOINT WARNING * * *
The orc completely misses you.
Unknown command.
You hit the orc priest.
The orc priest is lightly wounded.
The orc completely misses you.
The orc priest miscasts a cantrip.
You closely miss the orc priest. Your headbutt misses the orc priest.
The orc priest is lightly wounded.
The orc priest closely misses you. The orc closely misses you.
You closely miss the orc priest.
The orc priest is lightly wounded.
The orc priest barely misses you.
You puncture the orc priest!
The orc priest is almost dead.
The orc completely misses you. The orc priest misses you.
You strike the helpless orc priest from behind!
You impale the orc priest!!
You kill the orc priest!
The orc completely misses you.
You have reached level 7!
You barely miss the orc. The orc hits you with a +0 hand axe.
You die...

##.####[#.# #.##........^
..........# #............
##.####...# #............
..........# #..........#.
##.#####..#####.###......#
#.............. ##.###.##
#..###..#####..##.o....#
##..###..# ##.o#....#<...
.........# #.@)....# #.
.#..###.........##.##.#
.#..############ #.# P..
....#......... #...P..~~~
##..#.######.. #..PP.♣~♣~
#....# ≈≈≈# #.P..~~~~
#....#≈8_≈# o.P.P~~~~♣
##.#.#≈$>≈# .....o..♣~♣♣♣
...#.'≈≈≈≈#.....♣....~♣


You could see an orc priest (unable to see you) and an orc (unable to see you).

Vanquished Creatures
  Duvessa (D:4)
  A bullfrog (D:4)
  A scorpion (D:4)
  Dowan (D:4)
  A hound (D:5)
  An orc priest (D:5)
  An iguana (D:4)
  An orc wizard (D:5)
  A gnoll (D:1)
  2 adders
  2 worms
  2 dart slugs (D:2)
  2 orcs
  5 endoplasms
  3 giant cockroaches
  6 goblins
  11 hobgoblins
  13 jackals
  10 kobolds
  6 quokkas
  9 ball pythons
  12 bats
  5 frilled lizards
  5 rats
102 creatures vanquished.

Vanquished Creatures (others)
  A plant (D:5)
1 creature vanquished.

Grand Total: 103 creatures vanquished

Notes
Turn   | Place    | Note
-------+----------+-------------------------------------------
     0 | D:1      | qeuew the Spriggan Enchanter began the quest for the Orb.
     0 | D:1      | Reached XP level 1. HP: 9/9 MP: 5/5
   146 | D:1      | Reached XP level 2. HP: 4/13 MP: 6/6
   157 | D:1      | Learned a level 2 spell: Ensorcelled Hibernation
   542 | D:1      | Found a faded altar of an unknown god.
   666 | D:1      | Reached XP level 3. HP: 4/16 MP: 1/8
  1115 | D:1      | Reached skill level 5 in Stealth
  1388 | D:1      | Gained mutation: You are strong-willed. (Will+) [potion of
                  | mutation]
  1388 | D:1      | Gained mutation: Your muscles are strong. (Str +4, Int/Dex
                  | -1) [potion of mutation]
  1388 | D:1      | Gained mutation: Your spells are a little easier to cast,
                  | but a little less powerful. [potion of mutation]
  1986 | D:2      | Reached XP level 4. HP: 21/21 MP: 10/10
  2379 | D:2      | Lost mutation: Your muscles are strong. (Str +4, Int/Dex
                  | -1) [potion of mutation]
  2379 | D:2      | Lost mutation: Your spells are a little easier to cast, but
                  | a little less powerful. [potion of mutation]
  2379 | D:2      | Gained mutation: You are clumsy. (Dex -2) [potion of
                  | mutation]
  2379 | D:2      | Gained mutation: Your spells are a little easier to cast,
                  | but a little less powerful. [potion of mutation]
  2379 | D:2      | Gained mutation: You are very clumsy. (Dex -4) [potion of
                  | mutation]
  2380 | D:2      | Lost mutation: Your spells are a little easier to cast, but
                  | a little less powerful. [potion of mutation]
  2380 | D:2      | Lost mutation: You are very clumsy. (Dex -4) [potion of
                  | mutation]
  2380 | D:2      | Lost mutation: You are clumsy. (Dex -2) [potion of
                  | mutation]
  2380 | D:2      | Gained mutation: You have a pair of small horns on your
                  | head. [potion of mutation]
  2380 | D:2      | Gained mutation: You have sharp fingernails. [potion of
                  | mutation]
  2380 | D:2      | Gained mutation: You do not regenerate when monsters are
                  | visible. [potion of mutation]
  2380 | D:2      | Gained mutation: You are agile. (Dex +4, Str/Int -1)
                  | [potion of mutation]
  2915 | D:3      | Found an ancient bone altar of Kikubaaqudgha.
  2922 | D:3      | Found a transporter.
  2925 | D:3      | Noticed qeuew's ghost (amateur MfGl)
  2939 | D:3      | Found a transporter.
  2993 | D:3      | Learned a level 3 spell: Confusing Touch
  2997 | D:3      | Learned a level 3 spell: Tukima's Dance
  3245 | D:3      | Identified the +5 ring mail of Jolussin {rC+}
  3252 | D:3      | Found a sparkling altar of Nemelex Xobeh.
  3388 | D:3      | Identified a scroll of acquirement
  3388 | D:3      | Acquired the +11 rapier of the Land of Plenty {vorpal, rN+
                  | Str+4}
  3718 | D:4      | Noticed Dowan
  3719 | D:4      | Noticed Duvessa
  3877 | D:4      | Reached XP level 5. HP: 23/24 MP: 11/11
  3937 | D:4      | HP: 1/24 [scorpion (7)]
  4035 | D:4      | Identified the amulet "Pyzorch" {Reflect rF+ Str+5 Dex+4
                  | SH+5}
  4153 | D:4      | Reached skill level 6 in Stealth
  4153 | D:4      | Reached XP level 6. HP: 28/28 MP: 8/13
  4357 | D:4      | Killed Duvessa
  4358 | D:4      | Reached skill level 5 in Hexes
  4359 | D:4      | Killed Dowan
  4569 | D:5      | Entered Level 5 of the Dungeon
  4589 | D:5      | Found a sacrificial altar of Ru.
  4715 | D:5      | Reached skill level 5 in Dodging
  4722 | D:5      | Reached XP level 7. HP: 4/32 MP: 1/15
  4722 | D:5      | Slain by an orc

Illustrated notes

Levels and vault maps discovered:
D:1:      dpeg_arrival_prison, layout_basic, ebering_ecumenical_altar_mist
D:2:      layout_loops_ring, minmay_misc_feat_cross, corexii_shack
D:3:      layout_loops_corners, nemelex_xobeh_ov_fountains_minmay,
          old_standard_altar, gammafunk_ghost_stat_death
D:4:      layout_loops_ring, uniq_duvessa
D:5:      layout_basic, nicolae_hepliaklqana_hippocampus, lemuel_crystal_altar,
          general_overflow_altar, cheibrodos_ashenzari_chains,
          minmay_misc_feat_square, serial_bayou_pond_a

Skill      XL: |  1  2  3  4  5  6 |
---------------+-------------------+-----
Dodging        | 3 4 5 |  5.0
Spellcasting   | 3 4 |  4.7
Hexes          | 4 5 |  5.3
Stealth        | 5 6 |  6.7
Short Blades   | 2 3 |  3.6

Action                   |  1- 3 |  4- 6 |  7- 9 || total
-------------------------+-------+-------+-------++-------
Melee: Dagger            |   107 |    44 |       ||   151
       Punch             |     1 |       |       ||     1
       Rapier            |       |    64 |     1 ||    65
       Headbutt          |       |     6 |       ||     6
 Cast: Ensorcelled Hiber |     2 |    28 |       ||    30
  Use: Scroll            |     5 |     6 |       ||    11
       Potion            |     3 |     8 |       ||    11
 Stab: Sleeping          |    16 |    15 |       ||    31
       Distracted        |     1 |     1 |       ||     2
       Invisible         |       |     1 |       ||     1
Armor: Robe              |    14 |    12 |       ||    26
Dodge: Dodged            |    90 |   134 |       ||   224
